 Dungeon Crawl Stone Soup version 0.24.0-28-g17ded55e90 (webtiles) character file.

Game seed: 14038692977965626760, levelgen mode: deterministic

680 grindst0ne the Gusty (level 7, 0/36 HPs)
             Began as a Deep Elf Air Elementalist on Nov 11, 2019.
             Was an Initiate of Vehumet.
             Slain by a bullfrog (2 damage)
             ... on level 6 of the Dungeon.
             The game lasted 00:12:56 (5558 turns).

grindst0ne the Gusty (Deep Elf Air Elementalist)    Turns: 5558, Time: 00:12:56

Health: 0/36       AC:  4    Str:  5    XL:     7   Next: 34%
Magic:  6/16       EV: 15    Int: 21    God:    Vehumet [......]
Gold:   360        SH:  0    Dex: 16    Spells: 3/16 levels left

rFire    . . .     SeeInvis .   b - +3 hand axe (elec)
rCold    . . .     Gourm    .   (no shield)
rNeg     . . .     Faith    .   a - +0 robe
rPois    .         Spirit   .   (no helmet)
rElec    .         Reflect  .   s - +0 cloak
rCorr    .         Harm     .   t - +0 pair of gloves
MR       .....                  (no boots)
Stlth    ++........             (no amulet)
HPRegen  0.12/turn              (no ring)
MPRegen  0.15/turn              (no ring)

@: no status effects
A: no striking features
a: Renounce Religion


You were on level 6 of the Dungeon.
You worshipped Vehumet.
Vehumet was noncommittal.
You were not hungry.

You visited 2 branches of the dungeon, and saw 7 of its levels.

You collected 360 gold pieces.

Inventory:

Hand Weapons
 b - a +3 hand axe of electrocution (weapon)
 e - a +0 club
Armour
 a - a +0 robe (worn)
 q - a scarf of repulsion
 s - a +0 cloak (worn)
 t - a +0 pair of gloves (worn)
Jewellery
 x - an uncursed ring of fire
Wands
 j - a wand of flame (33)
 p - a wand of disintegration (4)
Scrolls
 d - 5 scrolls of remove curse
 f - 2 scrolls of enchant armour
 g - 2 scrolls of enchant weapon
 h - 3 scrolls of magic mapping {unknown}
 l - 2 scrolls of fear {unknown}
 m - a scroll of fog {unknown}
 r - a scroll of amnesia
 u - 3 scrolls of teleportation
 y - a scroll of immolation {unknown}
Potions
 i - a potion of flight {unknown}
 k - 2 potions of haste
 n - a potion of magic {unknown}
 o - a potion of resistance
 w - a potion of agility
Comestibles
 c - 9 rations


   Skills:
 + Level 4.6 Dodging
 - Level 2.4 Stealth
 + Level 5.2 Spellcasting
 * Level 5.0 Conjurations
 * Level 5.5 Air Magic


You had 3 spell levels left.
You knew the following spells:

 Your Spells              Type           Power        Failure   Level  Hunger
a - Shock                 Conj/Air       ####         1%          1    None
b - Static Discharge      Conj/Air       ####....     3%          3    ##.....
c - Airstrike             Air            ####......   11%         4    ####...
d - Lightning Bolt        Conj/Air       ####......   32%         5    #####..

Your spell library contained the following spells:

 Spells                   Type           Power        Failure   Level  Hunger
 Swiftness                Chrm/Air       ###.....     5%          2    None


Dungeon Overview and Level Annotations

Branches:
Dungeon (6/15)             Temple (1/1) D:4

Altars:
Ashenzari
Cheibriados
Dithmenos
Elyvilon
Fedhas
Gozag
Hepliaklqana
Kikubaaqudgha
Makhleb
Nemelex Xobeh
Okawaru
Qazlal
Ru
Sif Muna
Trog
Uskayaw
Vehumet
Wu Jian
Xom
Yredelemnul
Zin
The Shining One

Shops:
D:4 }

Annotations:
D:2 exclusion: downstairs
D:4 exclusion: downstairs


Message History

Casting: Shock (safe; 1% risk of failure)
Confirm with . or Enter, or press ? or * to list all spells.
Aiming: Shock (safe; 1% risk of failure)
Press: ? - help, Shift-Dir - straight line, f/p - bullfrog
Aim: a bullfrog (heavily wounded)
The zap hits the bullfrog.
The bullfrog is severely wounded.
The bullfrog misses you.
Casting: Shock (safe; 1% risk of failure)
Confirm with . or Enter, or press ? or * to list all spells.
Aiming: Shock (safe; 1% risk of failure)
Press: ? - help, Shift-Dir - straight line, f/p - bullfrog
Aim: a bullfrog (severely wounded)
The zap misses the bullfrog.
The bullfrog hits you.
* * * LOW HITPOINT WARNING * * *
The bullfrog hits you.
* * * LOW HITPOINT WARNING * * *
Okay, then.
The bullfrog hits you.
You die...

#......### ...##....
###...#....# .........
#.#........###......... ...
##......................
#...#####.......................
.%....#....................#....
#.#.....##....................
.[...............##.#.....##
##...##......@..##.#.....###
#..#$....#......F..#....<.....#
#....._...........$##........##
#..#.....#.......<............#
##.).##.##..................#
................#............#
#.......#.......#...##....##..
##......#.................# .
#.....................#...#


You could see a bullfrog.

Vanquished Creatures
  Grinder (D:5)
  A crimson imp (D:5)
  3 hounds
  An orc priest (D:3)
  A jelly (D:4)
  An iguana (D:4)
  A bullfrog skeleton (D:4)
  3 worker ants
  5 adders
  2 oozes
  An adder skeleton (D:4)
  2 dart slugs (D:3)
  3 leopard geckos
  9 orcs (D:3)
  2 ball pythons
  4 giant cockroaches
  7 goblins
  4 hobgoblins
  11 jackals
  11 kobolds
  2 quokkas
  14 bats
  6 frilled lizards
  7 rats
102 creatures vanquished.

Notes
Turn   | Place    | Note
-------+----------+-------------------------------------------
     0 | D:1      | grindst0ne the Deep Elf Air Elementalist began the quest
                  | for the Orb.
     0 | D:1      | Reached XP level 1. HP: 10/10 MP: 6/6
   306 | D:1      | Reached XP level 2. HP: 13/15 MP: 0/8
   804 | D:1      | Reached XP level 3. HP: 18/19 MP: 3/9
   829 | D:1      | Learned a level 3 spell: Static Discharge
  1092 | D:2      | Found a snail-covered altar of Cheibriados.
  2135 | D:3      | Reached XP level 4. HP: 24/24 MP: 4/11
  2497 | D:3      | Reached XP level 5. HP: 28/28 MP: 3/13
  2547 | D:3      | Learned a level 4 spell: Airstrike
  3065 | D:4      | Found a shattered altar of Ashenzari.
  3293 | D:4      | Reached XP level 6. HP: 32/32 MP: 1/14
  3570 | D:4      | Found a staircase to the Ecumenical Temple.
  3584 | Temple   | Entered the Ecumenical Temple
  3686 | Temple   | Became a worshipper of Vehumet
  4094 | D:4      | Found Wipedgh's Gadget Emporium.
  4161 | D:4      | Learned a level 5 spell: Lightning Bolt
  4201 | D:5      | Entered Level 5 of the Dungeon
  4254 | D:5      | Noticed Grinder
  4284 | D:5      | Paralysed by Grinder for 3 turns
  4314 | D:5      | Paralysed by Grinder for 7 turns
  4329 | D:5      | Paralysed by Grinder for 4 turns
  4578 | D:5      | Paralysed by Grinder for 4 turns
  4869 | D:5      | Found a glowing golden altar of the Shining One.
  4874 | D:5      | Reached skill level 5 in Air Magic
  5157 | D:5      | Killed Grinder
  5157 | D:5      | Reached skill level 5 in Spellcasting
  5157 | D:5      | Reached skill level 5 in Conjurations
  5157 | D:5      | Reached XP level 7. HP: 20/36 MP: 5/16
  5413 | D:5      | Found a hide-covered altar of Uskayaw.
  5413 | D:5      | Found a shimmering altar of Xom.
  5413 | D:5      | Found a glowing golden altar of the Shining One.
  5519 | D:6      | Found an iron altar of Okawaru.
  5558 | D:6      | Slain by a bullfrog

Levels and vault maps discovered:
D:1:      dpeg_arrival_tiny_d, layout_rooms, serial_park_tiny_pond
D:2:      layout_rooms, cheibriados_altar_1
D:3:      layout_rooms, minmay_misc_feat_columns, minmay_misc_feat_five
D:4:      layout_loops_ring, minmay_temple_entry_drinking_statues, serial_shops,
          kennysheep_mini, minmay_misc_feat_plants, hangedman_decor_points,
          minmay_tree_intersection, cheibrodos_ashenzari_chains
D:5:      layout_loops_ring, gammafunk_temple_overflow_claw, first_ration,
          chequers_serial_rivers_micro_a, tso_metal_star, uniq_grinder
D:6:      layout_cave_pools, okawaru_gym_becter, ebering_ghost_inner_flame
Temple:   compressed_dpeg_circular_temple

Skill      XL: |  1  2  3  4  5  6 |
---------------+-------------------+-----
Conjurations   | 2 3 5 |  5.0
Dodging        | 3 4 |  4.6
Air Magic      | 4 5 |  5.5
Spellcasting   | 4 5 |  5.2
Stealth        | |  2.4

Action                   |  1- 3 |  4- 6 |  7- 9 || total
-------------------------+-------+-------+-------++-------
Melee: Unarmed           |    27 |     3 |       ||    30
       Club              |    15 |       |       ||    15
       Hand axe          |       |    11 |       ||    11
 Cast: Shock             |   108 |   162 |    14 ||   284
       Airstrike         |       |     2 |       ||     2
  Use: Scroll            |     4 |     2 |     2 ||     8
       Potion            |     2 |     1 |       ||     3
  Eat: Chunk             |     3 |     6 |       ||     9
       Ration            |       |     1 |     1 ||     2
Armor: Robe              |    19 |     8 |     1 ||    28
Dodge: Dodged            |    72 |    39 |    12 ||   123
       Deflected         |       |     3 |       ||     3
